 Dungeon Crawl Stone Soup version 0.27-a0-1325-g58a489ad9e (webtiles) character file.

Game seed: 9856188261894550999

3951 Delamore the Spear-Bearer (level 10, -6/74 HPs)
             Began as a Formicid Fighter on June 24, 2021.
             Was an Initiate of Gozag.
             Killed by divine providence
             ... invoked by an orc priest
              (13 damage)
             ... on level 6 of the Dungeon.
             The game lasted 00:09:00 (9487 turns).

Delamore the Spear-Bearer (Formicid Fighter)        Turns: 9487, Time: 00:09:01

Health: -6/74      AC: 10    Str: 24    XL:     10   Next: 45%
Magic:  10/10      EV:  6    Int:  8    God:    Gozag
Gold:   384        SH: 15    Dex: 10    Spells: 9/9 levels left

rFire    . . .     SeeInvis +   a - +1 trident
rCold    . . .     Faith    .   c - +1 kite shield
rNeg     + . .     Spirit   .   o - +0 chain mail
rPois    .         Reflect  +   (helmet unavailable)
rElec    .         Harm     .   f - +0 cloak
rCorr    .         Rampage  .   (no gloves)
Will     +....                  (no boots)
Stlth    ..........             r - amulet of reflection
HPRegen  0.22/turn              q - ring of positive energy
MPRegen  0.12/turn              (no ring)

@: no status effects
A: permanent stasis, dig shafts and tunnels, antennae 3, four strong arms
a: Dig, Shaft Self, Renounce Religion, Potion Petition, Call Merchant, Bribe
Branch


You were on level 6 of the Dungeon.
You worshipped Gozag.
Gozag was aware of your devotion.
You visited 2 branches of the dungeon, and saw 8 of its levels.

You collected 496 gold pieces.
You paid 112 gold pieces to Gozag.

Inventory:

Hand Weapons
 a - a +1 trident (weapon)
Missiles
 j - 29 poisoned darts (quivered)
 l - 11 boomerangs
 s - 2 throwing nets
 A - 5 silver boomerangs
Armour
 b - a +0 scale mail
 c - a +1 kite shield (worn)
 f - a +0 cloak (worn)
 o - a +0 chain mail (worn)
Jewellery
 h - a ring of see invisible
 q - a ring of positive energy (left hand)
 r - an amulet of reflection (around neck)
 t - an amulet of magic regeneration
Wands
 n - a wand of charming (7)
 x - a wand of digging (13)
 B - a wand of mindburst (15)
 D - a wand of polymorph (7)
Scrolls
 i - a scroll of holy word
 v - 2 scrolls of immolation
 z - a scroll of enchant weapon
Potions
 d - 2 potions of might
 e - a potion of resistance
 g - a potion of invisibility
 k - 2 potions of curing {unknown}
 m - 3 potions of attraction
 p - a potion of heal wounds
 u - a potion of haste
 w - a potion of brilliance {unknown}
 E - 2 potions of flight {unknown}


   Skills:
 - Level 5.0 Fighting
 * Level 13.6 Polearms
 - Level 3.2 Armour
 - Level 3.6 Shields


You had 9 spell levels left.
You didn't know any spells.
Your spell library contained the following spells:

 Spells                   Type           Power      Damage    Failure   Level
 Corona                   Hex            0%         N/A       100%        1
 Magic Dart               Conj           0%         1d3       100%        1
 Ensorcelled Hibernation  Hex/Ice        0%         N/A       100%        2
 Searing Ray              Conj           0%         3d3       100%        2
 Confusing Touch          Hex            0%         N/A       100%        3
 Dazzling Flash           Conj/Hex       0%         N/A       100%        3
 Tukima's Dance           Hex            0%         N/A       100%        3
 Fulminant Prism          Conj/Hex       0%         3d6       100%        4
 Iskenderun's Mystic Bla  Conj/Tloc      0%         2d3       100%        4


Dungeon Overview and Level Annotations

Branches:
Dungeon (7/15)             Temple (1/1) D:7

Altars:
Ashenzari
Cheibriados
Dithmenos
Elyvilon
Fedhas
Gozag
Hepliaklqana
Kikubaaqudgha
Makhleb
Nemelex Xobeh
Okawaru
Qazlal
Ru
Sif Muna
Uskayaw
Vehumet
Wu Jian
Xom
Yredelemnul
Zin
The Shining One

Annotations:
D:4 3 runed translucent doors, BlueGoblin's ghost, novice GrFi


Innate Abilities, Weirdness & Mutations

You cannot be hasted, slowed, berserked, paralysed or teleported.
You can dig through walls and to a lower floor.
You have a pair of large antennae on your head. (SInv)
Your four strong arms can wield two-handed weapons with a shield.


Message History

The white imp is almost dead.
The white imp gestures at you. The puff of frost hits you.
* * * LOW HITPOINT WARNING * * *
Your chain mail prevents you from hitting the white imp.
The white imp is almost dead.
The white imp gestures at you.
The puff of frost reflects off an invisible shield around you!
The puff of frost hits the white imp.
The white imp resists.
You kill the white imp!
The orc wizard gestures at you while chanting.
The puff of flame hits you.
* * * LOW HITPOINT WARNING * * *
You swing at nothing.
You hit the orc priest.
The orc priest is lightly wounded.
You block the orc priest's attack.
The orc wizard mumbles some strange words.
The orc wizard flickers and vanishes for a moment.
The orc wizard is distracted by your dazzling golden aura.
Things that are here:
a +0 robe; a +0 whip of freezing
There is an escape hatch in the ceiling here.
You block the orc priest's attack. A mysterious force pulls you upwards.
The hatch slams shut behind you.
Your shield prevents you from hitting the orc priest.
The orc priest hits you but does no damage.
You are electrocuted!
* * * LOW HITPOINT WARNING * * *
You closely miss the orc priest. You puncture the orc priest!
The orc priest is almost dead.
The orc priest mumbles some strange prayers to Beogh against you.
You resist with significant effort.
You closely miss the orc priest.
The orc priest is almost dead.
The orc priest mumbles some strange prayers to Beogh against you.
Beogh smites you!
You die...
Your body crumbles into a pile of gold.

#.###########.####.#.#.#.#.# #.##
.....................>...#.# #.≈.
#.#.#.#######.#.##.#.....#.######
#.#.#.# #.#.##.#.............
......# #.#..#.#.....#.######
#.#.#########.#....#.....#.#
............#.#....#.....#.#
#.#.#######.#.#..........#.#
#.#.#######.#.#.@..#.[#..#.######
..#.........#.#o...#........#....
#######'###...#....##.#######.###
##........##..#.............#.###
...###.....#..#...###.#####.#....
.###♣.........#...#<......#.#####
##♣♣..♣######.#...###.##.##.#####
♣♣...♣#♣♣♣♣♣#.....(.........#...#
♣...♣#♣....♣##...####.#.#######.#


You could see an orc priest.

Vanquished Creatures
  Pikel (D:7)
  A shadow (D:6)
  A steam dragon (D:6)
  Menkaure (D:7)
  Duvessa (D:6)
  2 water moccasins
  2 orc warriors (D:7)
  4 sky beasts
  A black bear (D:6)
  A necrophage (D:5)
  An ogre (D:4)
  2 phantoms
  2 centaurs
  Dowan (D:6)
  A water moccasin skeleton (D:5)
  12 wights
  3 bullfrog zombies
  A centaur zombie (D:7)
  A gnoll shaman (D:3)
  6 orc priests
  7 hounds
  3 iguanas
  6 orc wizards
  A killer bee zombie (D:7)
  A hound skeleton (D:5)
  9 gnolls
  A howler monkey skeleton (D:7)
  6 adders
  A white imp (D:7)
  An ufetubus (D:6)
  A dart slug (D:3)
  19 orcs
  A bat skeleton (D:2)
  A bat zombie (D:2)
  6 endoplasms
  3 giant cockroaches
  5 goblins
  9 hobgoblins
  18 jackals
  4 quokkas
  10 ball pythons
  2 ball python zombies (D:2)
  7 bats
  7 frilled lizards
  A giant cockroach zombie (D:2)
  A jackal zombie (D:2)
  7 kobolds
  A quokka skeleton (D:4)
  9 rats
193 creatures vanquished.

Vanquished Creatures (others)
  A withered plant (D:2)
1 creature vanquished.

Grand Total: 194 creatures vanquished

Notes
Turn   | Place    | Note
-------+----------+-------------------------------------------
     0 | D:1      | Delamore the Formicid Fighter began the quest for the Orb.
     0 | D:1      | Reached XP level 1. HP: 18/18 MP: 1/1
   119 | D:1      | Reached XP level 2. HP: 24/24 MP: 2/2
   476 | D:1      | Reached XP level 3. HP: 30/30 MP: 3/3
   481 | D:1      | Reached skill level 3 in Polearms
   927 | D:2      | Reached XP level 4. HP: 37/37 MP: 4/4
  1085 | D:2      | Found a faded altar of an unknown god.
  1337 | D:3      | Found a sacrificial altar of Ru.
  1339 | D:3      | Found a radiant altar of Vehumet.
  1339 | D:3      | Found an ancient bone altar of Kikubaaqudgha.
  1373 | D:3      | Reached skill level 4 in Polearms
  1376 | D:3      | Reached XP level 5. HP: 23/42 MP: 5/5
  1656 | D:3      | Noticed a phantom
  1888 | D:4      | Killed a phantom
  1889 | D:4      | Reached skill level 5 in Polearms
  1889 | D:4      | Reached XP level 6. HP: 26/50 MP: 6/6
  2122 | D:3      | Noticed a water moccasin
  2142 | D:3      | Killed a water moccasin
  2143 | D:3      | Reached skill level 5 in Fighting
  2546 | D:4      | Noticed an ogre
  2583 | D:3      | Reached skill level 6 in Polearms
  2583 | D:3      | Reached XP level 7. HP: 40/56 MP: 7/7
  3213 | D:4      | Found a runed translucent gate.
  3213 | D:4      | Found a runed translucent gate.
  3213 | D:4      | Found a runed translucent gate.
  3694 | D:4      | Reached skill level 7 in Polearms
  3790 | D:4      | Noticed BlueGoblin's ghost (novice GrFi)
  4005 | D:5      | Entered Level 5 of the Dungeon
  4005 | D:5      | Noticed a water moccasin
  4020 | D:4      | Killed a water moccasin
  4023 | D:4      | Reached XP level 8. HP: 17/62 MP: 8/8
  4319 | D:5      | Reached skill level 8 in Polearms
  4644 | D:5      | Reached skill level 9 in Polearms
  5439 | D:5      | Reached skill level 10 in Polearms
  5439 | D:5      | Reached XP level 9. HP: 68/68 MP: 9/9
  5763 | D:6      | Noticed Dowan
  5764 | D:6      | Noticed Duvessa
  5776 | D:6      | Killed Duvessa
  5786 | D:6      | Killed Dowan
  5787 | D:6      | Reached skill level 11 in Polearms
  6434 | D:6      | Found a broken altar of Ashenzari.
  6446 | D:6      | Found a shimmering blue altar of Sif Muna.
  6513 | D:6      | Found a white marble altar of Elyvilon.
  6704 | D:6      | Reached skill level 12 in Polearms
  6788 | D:6      | Found a basalt altar of Yredelemnul.
  7274 | D:7      | Found a staircase to the Ecumenical Temple.
  7351 | D:7      | Reached XP level 10. HP: 25/74 MP: 10/10
  7582 | Temple   | Entered the Ecumenical Temple
  7649 | Temple   | Became a worshipper of Gozag Ym Sagoz the Greedy
  7719 | D:7      | Noticed Menkaure
  7734 | D:7      | Killed Menkaure
  8616 | D:7      | Reached skill level 13 in Polearms
  9001 | D:7      | Noticed Pikel
  9024 | D:7      | Killed Pikel
  9487 | D:6      | Killed from afar by an orc priest

Illustrated notes

Levels and vault maps discovered:
D:1:      mrwooster_arrival_arrow, layout_basic
D:2:      layout_basic, serial_undead, serial_undead_f, serial_undead_b,
          serial_undead_a, serial_undead_e,
          hellmonk_ecumenical_altar_inner_sanctum
D:3:      layout_rooms, grunt_temple_overflow_open, minivault_19,
          kennysheep_generic_room_6
D:4:      layout_basic, ebering_ghost_rock_garden
D:5:      layout_gridville
D:6:      layout_basic, kennysheep_ying_yang, amethyst_overflow_temple_binary,
          uniq_duvessa
D:7:      layout_loops_corners, minmay_temple_entry_stoned_glass, uniq_pikel,
          uniq_menkaure
Temple:   eino_temple_water

Skill      XL: |  1  2  3  4  5  6  7  8  9 10 |
---------------+-------------------------------+-----
Polearms       | 3 4 5 6 7 10 12 13 | 13.6
Fighting       | 4 5 |  5.0
Armour         | |  3.2
Shields        | |  3.6

Action                   |  1- 3 |  4- 6 |  7- 9 | 10-12 || total
-------------------------+-------+-------+-------+-------++-------
Melee: Trident           |   121 |   199 |   444 |   172 ||   936
Throw: Dart              |       |     2 |    12 |       ||    14
 Abil: Dig               |     1 |     2 |     4 |     1 ||     8
  Use: Scroll            |     4 |     2 |     2 |     4 ||    12
       Potion            |       |       |     3 |       ||     3
 Stab: Invisible         |       |       |     3 |     1 ||     4
Armor: Scale mail        |    56 |    35 |       |       ||    91
       Chain mail        |       |   113 |   138 |    17 ||   268
Dodge: Dodged            |    37 |    86 |    78 |    15 ||   216
Block: Kite shield       |    58 |   154 |   335 |    85 ||   632
       Reflection        |       |       |    13 |     1 ||    14

Table legend: (Time is in decaauts)
 A = Elapsed time spent in this place.
 B = Non-inter-level travel time spent in this place.
 C = Inter-level travel time spent in this place.
 D = Time resting spent in this place.
 E = Time spent auto-exploring this place.
 F = Levels seen in this place.
 G = Mean time per level.
                   A        B        C        D        E       F      G
               +--------+--------+--------+--------+--------+-----+--------+
         Total |   9570 |   9247 |    323 |   2682 |   4850 |   8 | 1196.2 |
       Dungeon |   9488 |   9180 |    308 |   2682 |   4786 |   7 | 1355.4 |
        Temple |     81 |     66 |     15 |      0 |     64 |   1 |   81.0 |
               +--------+--------+--------+--------+--------+-----+--------+

Top non-repeatable levels by time:
     D:6: 2203 daAuts
     D:4: 1676 daAuts
     D:7: 1645 daAuts
     D:3: 1489 daAuts
     D:5: 1089 daAuts
     D:1: 696 daAuts
     D:2: 686 daAuts
  Temple: 81 daAuts
